[Event "Titled Tuesday Blitz January 31 Early 2023"]
[White "Sielecki, Christof"]
[Black "Matt, Fabian"]
[WhiteFideId "4620437"]
[BlackFideId "1623303"]
[WhiteElo "2419"]
[BlackElo "2308"]
[Result "1-0"]
[Round "07"]
[TimeControl "180+2"]
[Date "2023.01.31"]
[WhiteClock "0:01:08"]
[BlackClock "0:00:03"]

1. e4 e5 2. Nf3 Nc6 3. Bb5 Nf6 4. d3 d6 5. c3 Be7 6. O-O O-O 7. Re1 a6 8. Ba4 b5 9. Bc2 Bb7 10. Nbd2 Re8 11. Nf1 Bf8 12. Ng3 Ne7 13. d4 Ng6 14. a4 Qd7 15. h3 h6 16. b3 Nf4 17. Be3 g5 18. d5 c6 19. c4 b4 20. Nh2 c5 21. Nf5 Kh7 22. g3 Ng6 23. Ng4 Ng8 24. Kg2 Bc8 25. Rh1 Qc7 26. h4 gxh4 27. Nxh4 Qd7 28. Nf5 Qc7 29. Ngxh6 Nxh6 30. Nxh6 Bxh6 31. Rxh6+ Kg7 32. Qh5 Bd7 33. Rh7+ Kf8 34. Bg5 Qc8 35. Rh8+ 1-0


[Site "https://www.chess.com"]

[Event "Titled Tuesday Blitz January 31 Early 2023"]
[White "Elgersma, Onno"]
[Black "Heinemann, Josefine"]
[WhiteFideId "1053531"]
[BlackFideId "12900460"]
[WhiteElo "2276"]
[BlackElo "2289"]
[Result "1-0"]
[Round "07"]
[TimeControl "180+2"]
[Date "2023.01.31"]
[WhiteClock "0:00:08"]
[BlackClock "0:00:09"]

1. Nf3 d5 2. e3 Nf6 3. b3 c5 4. Bb2 Nc6 5. Bb5 e6 6. O-O Bd6 7. Ne5 Bd7 8. Bxc6 Bxc6 9. d3 Qc7 10. f4 O-O-O 11. Nd2 Rhg8 12. Nxc6 Qxc6 13. Qf3 Qc7 14. c4 Qe7 15. Rac1 h5 16. h3 h4 17. Nb1 Kb8 18. Nc3 dxc4 19. bxc4 Bc7 20. Rcd1 g6 21. Nb5 Nh5 22. Nxc7 Kxc7 23. d4 Ng3 24. Rfe1 Rd7 25. d5 Kc8 26. e4 Rgd8 27. a4 f6 28. a5 e5 29. fxe5 fxe5 30. Qg4 Kb8 31. Bc1 Qf7 32. Be3 Rc8 33. Rb1 Rdd8 34. Qg5 Rf8 35. Qxe5+ Ka8 36. a6 b6 37. d6 Rce8 38. Qd5+ Qxd5 39. exd5 Rd8 40. Bg5 Rxd6 41. Be7 Rdd8 42. Bxf8 Rxf8 43. d6 Kb8 44. d7 Kc7 45. Re8 1-0


[Site "https://www.chess.com"]

[Event "Titled Tuesday Blitz January 31 Early 2023"]
[White "Buscar, Michael"]
[Black "Ristic, Nebojsa B"]
[WhiteFideId "2603616"]
[BlackFideId "935468"]
[WhiteElo "2041"]
[BlackElo "2236"]
[Result "0-1"]
[Round "07"]
[TimeControl "180+2"]
[Date "2023.01.31"]
[WhiteClock "0:00:18"]
[BlackClock "0:00:35"]

1. e4 Nc6 2. Nf3 d6 3. d4 Nf6 4. Nbd2 g6 5. c3 Bg7 6. Bd3 e5 7. O-O O-O 8. h3 Nh5 9. Re1 Nf4 10. Bb5 exd4 11. Bxc6 dxc3 12. Bxb7 cxd2 13. Bxd2 Bxb7 14. Bxf4 Rb8 15. Qc2 Qf6 16. Bc1 c5 17. Rb1 Rfe8 18. Bd2 Qe6 19. Qa4 h6 20. Bc3 a6 21. Bxg7 Kxg7 22. Nd2 Qf6 23. Qc4 Re7 24. f3 Bc8 25. b3 Rb4 26. Qc2 Qg5 27. Nc4 Bxh3 28. Nxd6 Rd4 29. Nc4 Red7 30. Kh2 Rd2 31. Qc3+ Kh7 32. Kxh3 Qxg2+ 33. Kh4 g5+ 34. Kh5 Qh3# 0-1


[Site "https://www.chess.com"]

[Event "Titled Tuesday Blitz January 31 Early 2023"]
[White "Mrudul Dehankar"]
[Black "Gurevich, Dmitry"]
[WhiteFideId "25096990"]
[BlackFideId "2000407"]
[WhiteElo "2030"]
[BlackElo "2393"]
[Result "0-1"]
[Round "07"]
[TimeControl "180+2"]
[Date "2023.01.31"]
[WhiteClock "0:00:03"]
[BlackClock "0:00:44"]

1. e4 c5 2. Nf3 d6 3. d4 cxd4 4. Nxd4 Nf6 5. Nc3 Nc6 6. Bg5 g6 7. Bxf6 exf6 8. Qd2 Bg7 9. O-O-O O-O 10. Ndb5 f5 11. exf5 Bxf5 12. Nxd6 Be6 13. Bc4 Nd4 14. Bxe6 Qxd6 15. Bb3 Nxb3+ 16. axb3 Qf6 17. Kb1 b5 18. g4 Rfc8 19. g5 Qf5 20. Nd5 Bf8 21. h4 Rc5 22. h5 Rac8 23. Nf6+ Kg7 24. hxg6 Rxc2 25. Nh5+ Kxg6 26. Nf4+ Kg7 27. Qd4+ Kg8 28. Nd3 Bg7 0-1


[Site "https://www.chess.com"]

[Event "Titled Tuesday Blitz January 31 Early 2023"]
[White "Toncheva, Nadya"]
[Black "Orujov, Elshad"]
[WhiteFideId "2924056"]
[BlackFideId "13403540"]
[WhiteElo "2295"]
[BlackElo "2304"]
[Result "1-0"]
[Round "07"]
[TimeControl "180+2"]
[Date "2023.01.31"]
[WhiteClock "0:00:03"]
[BlackClock "0:00:01"]

1. e4 c5 2. Nf3 d6 3. d4 cxd4 4. Nxd4 Nf6 5. Nc3 a6 6. Be3 e5 7. Nf3 Be7 8. Bc4 Be6 9. Bb3 O-O 10. O-O Nc6 11. Qe2 h6 12. Rfd1 Qc7 13. Ne1 b5 14. f3 Rfd8 15. Nd5 Qb7 16. a4 b4 17. a5 Bf8 18. Nxf6+ gxf6 19. Bd5 f5 20. exf5 Bxf5 21. f4 Bg7 22. g4 Be6 23. Qf3 Bxd5 24. Qxd5 exf4 25. Bxf4 Qa7+ 26. Kh1 Rac8 27. Ng2 Ne5 28. Be3 Qd7 29. g5 h5 30. Qe4 Qh3 31. Rf1 Ng4 32. Bg1 Be5 33. Rf3 Rc4 34. Qb7 Nf2+ 35. Rxf2 Qg4 36. Qf3 Qe6 37. Qf5 Qd5 38. g6 Rg4 39. gxf7+ Kf8 40. Raf1 Qc6 41. Qe6 1-0


[Site "https://www.chess.com"]

[Event "Titled Tuesday Blitz January 31 Early 2023"]
[White "Koepke, Christian"]
[Black "Liu, Casper"]
[WhiteFideId "4655737"]
[BlackFideId "1454153"]
[WhiteElo "2308"]
[BlackElo "2278"]
[Result "1-0"]
[Round "07"]
[TimeControl "180+2"]
[Date "2023.01.31"]
[WhiteClock "0:01:10"]
[BlackClock "0:02:32"]

1. d4 Nf6 2. e3 g6 3. Nf3 Bg7 4. Be2 O-O 5. O-O b6 6. c4 Bb7 7. Nc3 c5 8. d5 e6 9. e4 exd5 10. exd5 Re8 11. Bf4 d6 12. h3 Ne4 13. Nxe4 Rxe4 14. Bg5 Qe8 15. Bd3 f5 16. Bxe4 fxe4 17. Nd2 Bxb2 18. Re1 Bxa1 19. Qxa1 Qe5 20. Nxe4 Qxa1 21. Rxa1 Nd7 22. Nxd6 Ba6 23. Re1 Rb8 24. Re7 1-0


[Site "https://www.chess.com"]

[Event "Titled Tuesday Blitz January 31 Early 2023"]
[White "Manon-og, Ramon Jr."]
[Black "Pein, Jonathan"]
[WhiteFideId "5200776"]
[BlackFideId "417092"]
[WhiteElo "1999"]
[BlackElo "2265"]
[Result "1-0"]
[Round "07"]
[TimeControl "180+2"]
[Date "2023.01.31"]
[WhiteClock "0:00:09"]
[BlackClock "0:00:09"]

1. e4 e5 2. Nf3 d6 3. d4 exd4 4. Nxd4 Nf6 5. Nc3 g6 6. Bc4 Bg7 7. Bg5 h6 8. Bh4 O-O 9. O-O Nc6 10. Nxc6 bxc6 11. Re1 Re8 12. Qf3 g5 13. Bg3 Bg4 14. Qd3 Be6 15. Rad1 Ng4 16. Bxe6 Rxe6 17. Qc4 h5 18. h3 Ne5 19. Bxe5 Bxe5 20. Qxc6 Rb8 21. b3 g4 22. hxg4 hxg4 23. Nd5 Qh4 24. Qxc7 Rbe8 25. Qc4 g3 26. fxg3 Bxg3 27. Qc3 Qh2+ 28. Kf1 Qh1+ 29. Ke2 Qxg2+ 30. Kd3 Qf3+ 31. Kd2 Bxe1+ 32. Rxe1 Qxc3+ 33. Kxc3 Rc8+ 34. Kd3 Kf8 35. Rh1 Kg8 36. Rh5 Kg7 37. Nf4 Rh6 38. Rg5+ Kf6 39. Rd5 Rh4 40. Ne2 Ke7 41. Nd4 Rh3+ 42. Kd2 Rg8 43. Nf5+ Ke8 44. Rxd6 Rg2+ 45. Kc1 Rh1+ 46. Kb2 Rhh2 47. Rc6 Re2 48. Rc8+ Kd7 49. Rc4 Ke6 50. Nd4+ Ke5 51. Nc6+ Kd6 52. Nxa7 Ke6 53. Nb5 Rhf2 54. a4 Rf4 55. Nd4+ Ke5 56. Nxe2 Rf2 57. Nc3 f5 58. exf5 Rxf5 59. a5 Rf6 60. Rc5+ Kd4 61. Rd5+ Ke3 62. Rb5 Ra6 63. Nd5+ Kd4 64. Nb4 Ra8 65. a6 Ke4 66. Rb6 Kd4 67. Rb7 Kc5 68. a7 Rd8 69. Rb8 1-0


[Site "https://www.chess.com"]

[Event "Titled Tuesday Blitz January 31 Early 2023"]
[White "Lauridsen, Jesper Morch"]
[Black "Tymrakiewicz, Rafal"]
[WhiteFideId "1401890"]
[BlackFideId "1108832"]
[WhiteElo "2309"]
[BlackElo "2144"]
[Result "1-0"]
[Round "07"]
[TimeControl "180+2"]
[Date "2023.01.31"]
[WhiteClock "0:00:08"]
[BlackClock "0:00:03"]

1. e4 Nf6 2. e5 Nd5 3. d4 d6 4. Nf3 g6 5. Bc4 Nb6 6. Bb3 d5 7. h4 Bg4 8. h5 gxh5 9. e6 fxe6 10. Qd3 Nc6 11. Ng5 Bf5 12. Qe2 Nxd4 13. Qxh5+ Bg6 14. Qg4 Bg7 15. Nxh7 Rxh7 16. Qxg6+ Kd7 17. Rxh7 Be5 18. Bg5 Nf5 19. g4 Qg8 20. Qxg8 Rxg8 21. Nd2 Rxg5 22. gxf5 Rg1+ 23. Nf1 Bxb2 24. fxe6+ Kd6 25. Rd1 c5 26. c4 d4 27. Ke2 Rg6 28. Ng3 Rxe6+ 29. Kf3 a5 30. Ne4+ Kc6 31. a4 Nd7 32. Bc2 Ne5+ 33. Kg2 Rg6+ 34. Ng3 Rf6 35. Rxe7 Nxc4 36. Be4+ Kb6 37. Rxb7+ Ka6 38. Re7 Bc3 39. Bd3 Kb6 40. Bxc4 Rf8 41. Rb1+ Bb4 42. Rbe1 Rf6 43. R1e6+ Rxe6 44. Rxe6+ Kc7 45. f4 Kd7 46. f5 d3 47. Bxd3 Bc3 48. Bc4 1-0


[Site "https://www.chess.com"]

[Event "Titled Tuesday Blitz January 31 Early 2023"]
[White "Gottstein, Claudius-Thomas"]
[Black "Toczek, Grzegorz"]
[WhiteFideId "4653327"]
[BlackFideId "1106457"]
[WhiteElo "2113"]
[BlackElo "2260"]
[Result "1-0"]
[Round "07"]
[TimeControl "180+2"]
[Date "2023.01.31"]
[WhiteClock "0:00:24"]
[BlackClock "0:00:53"]

1. Nf3 Nf6 2. e3 g6 3. c4 Bg7 4. Nc3 O-O 5. b3 d6 6. Bb2 e5 7. d3 Re8 8. e4 Bg4 9. Be2 Nc6 10. Nd5 Nd4 11. Nxd4 Bxe2 12. Nxe2 c6 13. Nxf6+ Bxf6 14. O-O Qd7 15. f4 Bg7 16. f5 d5 17. cxd5 cxd5 18. Ng3 Rad8 19. Qf3 Rc8 20. Rac1 Rxc1 21. Rxc1 dxe4 22. dxe4 Qd2 23. Qc3 Qf4 24. Rf1 Qg4 25. f6 Bh6 26. Qc5 a6 27. Qd6 Bf4 28. Qd1 Qe6 29. Qd5 Qg4 30. Rf3 h5 31. h3 Qh4 32. Qd7 Re6 33. Qd8+ Kh7 34. Kf2 Bxg3+ 35. Rxg3 Rxf6+ 36. Kg1 Rc6 37. Qxh4 1-0


[Site "https://www.chess.com"]

[Event "Titled Tuesday Blitz January 31 Early 2023"]
[White "Kosakowski, Jakub"]
[Black "Chakravarthi Reddy, M"]
[WhiteFideId "1185080"]
[BlackFideId "25009532"]
[WhiteElo "2485"]
[BlackElo "2279"]
[Result "1-0"]
[Round "07"]
[TimeControl "180+2"]
[Date "2023.01.31"]
[WhiteClock "0:02:01"]
[BlackClock "0:02:09"]

1. e4 c5 2. Nf3 d6 3. d4 cxd4 4. Nxd4 Nf6 5. Nc3 Nc6 6. Bg5 Bd7 7. Qd2 a6 8. f4 e6 9. O-O-O Be7 10. Nf3 b5 11. Bxf6 gxf6 12. g3 Qb6 13. Bg2 Rc8 14. Rhe1 Nb4 15. Kb1 a5 16. f5 Nxc2 17. fxe6 fxe6 18. Qxc2 b4 19. Nd5 e5 20. Qxc8+ 1-0


[Site "https://www.chess.com"]

[Event "Titled Tuesday Blitz January 31 Early 2023"]
[White "Florescu, Codrut-Constantin"]
[Black "Sanchez, Robert"]
[WhiteFideId "1202200"]
[BlackFideId "2034360"]
[WhiteElo "2259"]
[BlackElo "1966"]
[Result "1-0"]
[Round "07"]
[TimeControl "180+2"]
[Date "2023.01.31"]
[WhiteClock "0:01:32"]
[BlackClock "0:01:40"]

1. e4 d5 2. exd5 Qxd5 3. Nc3 Qe6+ 4. Nge2 Nf6 5. g3 g6 6. Bg2 Bg7 7. O-O O-O 8. d4 c6 9. Re1 Qd7 10. Bg5 h6 11. Bf4 Nd5 12. Nxd5 cxd5 13. Nc3 e6 14. Be5 Bxe5 15. dxe5 a6 16. Qd2 Kh7 17. Rad1 Qe7 18. h4 Nc6 19. Qf4 Bd7 20. Bxd5 Rac8 21. Bg2 Rc7 22. Ne4 a5 23. c3 b5 24. Rd6 Rfc8 25. Red1 b4 26. Rxd7 1-0


[Site "https://www.chess.com"]

[Event "Titled Tuesday Blitz January 31 Early 2023"]
[White "Reprintsev, Alexander"]
[Black "Gonzalez, Francisco Silva"]
[WhiteFideId "14100541"]
[BlackFideId "1512285"]
[WhiteElo "2253"]
[BlackElo "2021"]
[Result "1-0"]
[Round "07"]
[TimeControl "180+2"]
[Date "2023.01.31"]
[WhiteClock "0:00:09"]
[BlackClock "0:00:14"]

1. e4 e5 2. f4 exf4 3. Bc4 Qh4+ 4. Kf1 d6 5. Nf3 Qh6 6. Nc3 Be6 7. Nd5 Bxd5 8. Bxd5 c6 9. Bb3 g5 10. h4 Be7 11. Kg1 g4 12. Nd4 Nf6 13. Nf5 Qf8 14. d3 f3 15. Bh6 Qg8 16. Bg7 Nbd7 17. Bxh8 Qxh8 18. gxf3 Qg8 19. f4 d5 20. e5 Nh5 21. Ne3 Nxf4 22. Qxg4 Qg6 23. Qxg6 fxg6 24. d4 Nf8 25. c3 N8e6 26. Rf1 Kd7 27. Bd1 h5 28. Ng2 Rf8 29. Nxf4 Nxf4 30. Rh2 c5 31. Bc2 cxd4 32. cxd4 g5 33. hxg5 Bxg5 34. Kh1 h4 35. Rhf2 Kc6 36. Ba4+ Kb6 37. Bd7 Kc7 38. e6 Kd6 39. a3 a5 40. Kh2 Ke7 41. Rc2 Kd6 42. Rc8 Rxc8 43. Bxc8 b5 44. Re1 Bf6 45. b4 axb4 46. axb4 Ke7 47. Rc1 Kd6 48. Rc5 Bxd4 49. Rxb5 Bf6 50. Ra5 d4 51. b5 d3 52. Ra2 Kc5 53. Rf2 Be5 54. Kg1 Nd5 55. Bb7 Ne7 56. Rd2 Kd4 57. b6 Kc3 58. Rd1 d2 59. Bf3 h3 60. b7 Kc2 61. Rf1 Bg3 62. Bd1+ Kc1 63. Ba4+ Kb2 64. Rf3 h2+ 65. Kh1 Be5 66. b8=Q+ Bxb8 67. Rb3+ Kc1 68. Rxb8 d1=N 69. Bxd1 Kxd1 70. Rb7 Nf5 71. e7 Nxe7 72. Rxe7 Kd2 73. Kxh2 Kd3 74. Kg3 Kd4 75. Kf4 Kd5 76. Re5+ Kd6 77. Ke4 Kc6 78. Rd5 Kc7 79. Kd4 Kc6 80. Kc4 Kb6 81. Rc5 Kb7 82. Kb5 Kb8 83. Kb6 Ka8 84. Rc8# 1-0


[Site "https://www.chess.com"]

[Event "Titled Tuesday Blitz January 31 Early 2023"]
[White "Berezin, Viktor"]
[Black "Babikov, Ivan"]
[WhiteFideId "14107872"]
[BlackFideId "4161106"]
[WhiteElo "2307"]
[BlackElo "2239"]
[Result "1-0"]
[Round "07"]
[TimeControl "180+2"]
[Date "2023.01.31"]
[WhiteClock "0:00:04"]
[BlackClock "0:00:01"]

1. d4 d5 2. c4 dxc4 3. e3 Nf6 4. Bxc4 e6 5. Nf3 a6 6. O-O b5 7. Be2 Bb7 8. a4 b4 9. b3 Nbd7 10. Bb2 Be7 11. Nbd2 O-O 12. Rc1 c5 13. Nc4 Rc8 14. h3 Ne4 15. Nfe5 Nxe5 16. dxe5 Qxd1 17. Rfxd1 Rfd8 18. Bf3 Bd5 19. Nb6 Rb8 20. Nxd5 exd5 21. Bxe4 dxe4 22. Kf1 Kf8 23. Ke2 Rbc8 24. Rxd8+ Rxd8 25. f3 exf3+ 26. gxf3 Re8 27. Rd1 Rc8 28. Rc1 Ke8 29. Rc2 Kd7 30. Kd3 Ke6 31. Kc4 Rd8 32. Rg2 g6 33. h4 Bxh4 34. Kxc5 Be1 35. Kb6 Rd3 36. Bd4 Rxb3 37. Kxa6 Ra3 38. Kb5 b3 39. Re2 Bg3 40. f4 Kd5 41. a5 h5 42. a6 h4 43. a7 h3 44. Rd2 Ke4 45. Rd1 h2 46. Bb6 b2 47. Ba5 Rb3+ 48. Ka4 b1=Q 49. Rxb1 Rxb1 50. a8=Q+ Kf5 51. Qc8+ Ke4 52. Qc2+ Kf3 53. Qxb1 Kxe3 54. Qh1 Bxf4 55. Bc7 g5 56. Kb5 g4 57. Qg2 g3 58. Kc4 h1=Q 59. Bb6# 1-0


[Site "https://www.chess.com"]

[Event "Titled Tuesday Blitz January 31 Early 2023"]
[White "Borrmann, Laurenz"]
[Black "Sai Han Thiha"]
[WhiteFideId "312187930"]
[BlackFideId "13012290"]
[WhiteElo "2304"]
[BlackElo "2070"]
[Result "1-0"]
[Round "07"]
[TimeControl "180+2"]
[Date "2023.01.31"]
[WhiteClock "0:00:41"]
[BlackClock "0:00:02"]

1. e4 c6 2. d4 d5 3. Nc3 dxe4 4. Nxe4 Nf6 5. Nxf6+ exf6 6. c3 Bd6 7. Bd3 O-O 8. Qc2 Re8+ 9. Ne2 h5 10. Be3 Nd7 11. O-O-O Nf8 12. c4 Be6 13. Nc3 Rc8 14. a3 a6 15. Kb1 b5 16. c5 Be7 17. Be4 Qa5 18. d5 cxd5 19. Nxd5 Bxd5 20. Bxd5 Ne6 21. Bxe6 fxe6 22. Rd7 b4 23. Qg6 Bf8 24. Qf7+ Kh8 25. Qxh5+ Kg8 26. Bh6 bxa3 27. Bxg7 Bxg7 28. Qg6 a2+ 29. Ka1 1-0


[Site "https://www.chess.com"]

[Event "Titled Tuesday Blitz January 31 Early 2023"]
[White "Krzywda, Andrzej"]
[Black "Ezat, Mohamed"]
[WhiteFideId "1114565"]
[BlackFideId "10600906"]
[WhiteElo "2223"]
[BlackElo "2402"]
[Result "0-1"]
[Round "07"]
[TimeControl "180+2"]
[Date "2023.01.31"]
[WhiteClock "0:00:04"]
[BlackClock "0:00:31"]

1. d4 Nf6 2. c4 g6 3. Nc3 Bg7 4. e4 d6 5. Nf3 O-O 6. Be2 Bg4 7. O-O c5 8. d5 a6 9. a4 e5 10. a5 Nbd7 11. Be3 Nh5 12. g3 h6 13. Nh4 Bxe2 14. Qxe2 Nf4 15. gxf4 Qxh4 16. f5 Nf6 17. f3 Nh5 18. Rab1 Nf4 19. Qd2 Bf6 20. b4 cxb4 21. Rxb4 Rac8 22. Bxf4 exf4 23. Kh1 Kh8 24. Rg1 gxf5 25. exf5 Rg8 26. Rxg8+ Rxg8 27. Ne4 Qh3 28. Qf2 Bh4 29. Qb2+ Kh7 30. Qe2 Qxf5 31. Rxb7 Qg6 32. Qf1 Kh8 33. Rb2 f5 34. Nc3 Bf6 35. Rc2 Bd4 36. Ne2 Be3 37. c5 dxc5 38. d6 Qxd6 39. Qa1+ Kh7 40. Rb2 Qd5 41. Qf1 c4 42. Rb1 Qd3 43. Rd1 Qc2 44. Rd7+ Kh8 45. Qa1+ c3 46. Nxc3 Qg2# 0-1


[Site "https://www.chess.com"]

[Event "Titled Tuesday Blitz January 31 Early 2023"]
[White "Melikhov, Evgeny V."]
[Black "Lehtosaari, Mauri"]
[WhiteFideId "4122046"]
[BlackFideId "501999"]
[WhiteElo "2269"]
[BlackElo "2176"]
[Result "1-0"]
[Round "07"]
[TimeControl "180+2"]
[Date "2023.01.31"]
[WhiteClock "0:00:13"]
[BlackClock "0:00:04"]

1. d4 d5 2. c4 c6 3. Nc3 Nf6 4. e3 a6 5. c5 Bf5 6. f4 Ne4 7. Nf3 Nd7 8. Nxe4 Bxe4 9. Be2 e6 10. O-O Bxf3 11. Bxf3 f5 12. Bd2 Nf6 13. b4 Be7 14. Be1 O-O 15. Bh4 Nd7 16. Bxe7 Qxe7 17. a4 g5 18. g3 g4 19. Be2 h5 20. h4 Nf6 21. Bd3 Qd7 22. Qb3 Kg7 23. Ra3 Ra7 24. Rfa1 Rfa8 25. Kf2 Ng8 26. b5 axb5 27. axb5 Rxa3 28. Rxa3 Rxa3 29. Qxa3 cxb5 30. Qa5 Nf6 31. Bxb5 Ne4+ 32. Kg2 Qc8 33. Qa7 Kf6 34. Bd3 Nd2 35. Qa2 Nf3 36. Be2 Ne1+ 37. Kf2 Nf3 38. Bxf3 gxf3 39. Qa5 Qc6 40. Qd8+ Kf7 41. Qh8 Qa6 42. Qxh5+ Kf6 43. Qxf3 Kf7 44. g4 fxg4 45. Qxg4 Qd3 46. Qe2 Qe4 47. Kg3 Qg6+ 48. Kh2 Qf5 49. Qg2 Qd3 50. Qg3 Qe2+ 51. Kh3 Qf1+ 52. Kg4 Qe2+ 53. Kg5 Qd3 54. Kh6 Qf5 55. Qg7+ Ke8 56. Qg6+ Ke7 57. Qxf5 exf5 58. Kg7 1-0


[Site "https://www.chess.com"]

[Event "Titled Tuesday Blitz January 31 Early 2023"]
[White "Veiga, Jose Francisco R P Neves"]
[Black "Vasques, Antonio Pedro Freixial"]
[WhiteFideId "1930087"]
[BlackFideId "1908332"]
[WhiteElo "2406"]
[BlackElo "2214"]
[Result "1-0"]
[Round "07"]
[TimeControl "180+2"]
[Date "2023.01.31"]
[WhiteClock "0:01:40"]
[BlackClock "0:00:09"]

1. b3 a5 2. Bb2 a4 3. c4 axb3 4. axb3 Rxa1 5. Bxa1 Nf6 6. g3 g6 7. Bg2 Bg7 8. e4 O-O 9. Ne2 c5 10. O-O Nc6 11. d4 cxd4 12. Nxd4 Qb6 13. Nb5 d6 14. N1c3 Bd7 15. Na4 Qa6 16. e5 Ne8 17. exd6 Nxd6 18. Bxg7 Kxg7 19. Nc5 1-0


[Site "https://www.chess.com"]

[Event "Titled Tuesday Blitz January 31 Early 2023"]
[White "Kirillov, Dmitry"]
[Black "Santos Flores, Alberto"]
[WhiteFideId "34180572"]
[BlackFideId "3601234"]
[WhiteElo "2179"]
[BlackElo "2164"]
[Result "0-1"]
[Round "07"]
[TimeControl "180+2"]
[Date "2023.01.31"]
[WhiteClock "0:00:01"]
[BlackClock "0:00:20"]

1. e4 c5 2. Nf3 Nc6 3. d4 cxd4 4. Nxd4 g6 5. c4 Nf6 6. Nc3 d6 7. Be3 Ng4 8. Nxc6 Nxe3 9. Nxd8 Nxd1 10. Rxd1 Kxd8 11. c5 Be6 12. cxd6 exd6 13. e5 a6 14. exd6 Bg7 15. Be2 Rc8 16. O-O Bxc3 17. bxc3 Rxc3 18. Rb1 Kc8 19. Rfc1 Rxc1+ 20. Rxc1+ Kb8 21. a4 Rc8 22. Rb1 Rc6 23. Bf3 Rxd6 24. Rxb7+ Kc8 25. Ra7 Bb3 26. h4 h5 27. Kh2 Bc4 28. Re7 Rd4 29. Kg3 Be6 30. Bb7+ Kd8 31. Rxe6 fxe6 32. Bxa6 Rxa4 33. Be2 Ke7 34. f3 Kf6 35. Bd3 g5 36. hxg5+ Kxg5 37. Be4 h4+ 38. Kh3 Ra1 39. Kh2 Kf4 40. Bd3 e5 41. Be4 Ra2 42. Bd5 Re2 43. Bc6 Ra2 44. Be4 Rb2 45. Kh3 Rb8 46. Bd5 Rh8 47. Be4 Rg8 48. Bc6 Rg6 49. Bd5 Rg7 50. Be4 Rg8 51. Bd5 Rg3+ 52. Kh2 h3 53. gxh3 Rxf3 54. Bxf3 Kxf3 55. h4 e4 56. h5 e3 57. h6 e2 58. h7 e1=Q 59. h8=Q Qf2+ 0-1


[Site "https://www.chess.com"]

[Event "Titled Tuesday Blitz January 31 Early 2023"]
[White "Ansh M Shah"]
[Black "Martic, Ivan"]
[WhiteFideId "25033379"]
[BlackFideId "929301"]
[WhiteElo "2171"]
[BlackElo "2301"]
[Result "1-0"]
[Round "07"]
[TimeControl "180+2"]
[Date "2023.01.31"]
[WhiteClock "0:00:27"]
[BlackClock "0:01:02"]

1. d4 d5 2. c4 e6 3. g3 Nf6 4. Bg2 Bb4+ 5. Nd2 O-O 6. Nf3 c6 7. O-O Nbd7 8. Qc2 b6 9. a3 Be7 10. e4 dxe4 11. Nxe4 Bb7 12. Ne5 Nxe5 13. dxe5 Nd7 14. Rd1 Qc7 15. f4 c5 16. Nd6 Bxg2 17. Qxg2 Rad8 18. Be3 a6 19. Rd2 Nb8 20. Rad1 Nc6 21. Qe4 Rd7 22. Nb5 Rxd2 23. Nxc7 Rxd1+ 24. Kg2 Nd4 25. Qb7 Nc2 26. Bf2 Rd2 27. Nxa6 Re8 28. Kf3 Kf8 29. Qxb6 Red8 30. Bxc5 h5 31. Bxe7+ Kxe7 32. Qc5+ Ke8 33. Nc7+ Kd7 34. Nb5 f6 35. Qc7+ Ke8 36. Nd6+ R8xd6 37. exd6 Rd3+ 38. Ke2 Rxd6 39. Qxd6 Kf7 40. Qd7+ Kg6 41. Qd3+ f5 42. Qxc2 1-0


[Site "https://www.chess.com"]

[Event "Titled Tuesday Blitz January 31 Early 2023"]
[White "Rangel, Daniel"]
[Black "Pourkashiyan, Atousa"]
[WhiteFideId "2124475"]
[BlackFideId "12502014"]
[WhiteElo "2207"]
[BlackElo "2282"]
[Result "1-0"]
[Round "07"]
[TimeControl "180+2"]
[Date "2023.01.31"]
[WhiteClock "0:00:09"]
[BlackClock "0:00:05"]

1. e4 c5 2. Nf3 e6 3. b3 d5 4. exd5 exd5 5. Bb5+ Bd7 6. Bxd7+ Nxd7 7. O-O Ngf6 8. Bb2 d4 9. c3 d3 10. c4 Be7 11. Re1 O-O 12. Nc3 Nb8 13. Ne5 Bd6 14. Ng4 Nc6 15. Nd5 Nxd5 16. cxd5 Nb4 17. Qf3 Nc2 18. Nf6+ Kh8 19. Qf5 g6 20. Ng4+ Nd4 21. Bxd4+ cxd4 22. Qxd3 Bc5 23. Rac1 Bb6 24. Qf3 f5 25. Ne5 Rc8 26. Nc4 Bc5 27. a4 Qf6 28. Re6 Qg5 29. Rce1 b6 30. g3 f4 31. h4 Qh6 32. g4 Qxh4 33. Kg2 Qg5 34. R6e5 Qf6 35. Re6 Qf7 36. Ne5 Qg7 37. Rh1 Rc7 38. Nxg6+ Kg8 39. Nxf8 Qxf8 40. Qe4 Rc8 41. f3 Qf7 42. Reh6 Re8 43. Qxh7+ Qxh7 44. Rxh7 Re2+ 45. Kf1 Rxd2 46. Rh8+ Kg7 47. R1h7+ Kf6 48. Rxa7 Ke5 49. Re8+ Kxd5 50. Rf7 Rd1+ 51. Ke2 Rb1 52. Rf5+ Kd6 53. Rxf4 Rxb3 54. Kd2 Ra3 55. Ree4 Kd5 56. g5 Kc4 57. g6 Ra2+ 58. Kd1 Kd3 59. Ke1 Ra1+ 60. Kf2 Ra2+ 61. Kg3 Ra1 62. Rg4 Bd6+ 63. Kh4 Rh1+ 64. Kg5 Bf8 65. Kf6 Rh6 66. Rxd4+ Ke3 67. Rde4+ Kxf3 68. Ref4+ Ke3 69. Kf7 Rh8 70. g7 Bxg7 71. Kxg7 Rb8 72. Rb4 Kd3 73. Rb5 Ra8 74. Rgb4 Kc3 75. Rxb6 Ra7+ 76. Kf6 1-0


[Site "https://www.chess.com"]

[Event "Titled Tuesday Blitz January 31 Early 2023"]
[White "Golubev, Mikhail"]
[Black "Sliwicki, Damian"]
[WhiteFideId "14100983"]
[BlackFideId "1127128"]
[WhiteElo "2461"]
[BlackElo "2158"]
[Result "1-0"]
[Round "07"]
[TimeControl "180+2"]
[Date "2023.01.31"]
[WhiteClock "0:00:45"]
[BlackClock "0:00:02"]

1. e4 c5 2. Nf3 g6 3. d4 cxd4 4. Nxd4 Nc6 5. Nc3 Bg7 6. Be3 Nf6 7. Nxc6 bxc6 8. e5 Ng8 9. Bd4 Qc7 10. f4 Nh6 11. e6 Bxd4 12. Qxd4 O-O 13. exd7 Bxd7 14. O-O-O Rad8 15. Re1 Bg4 16. Qe5 Qb6 17. h3 Be6 18. Bd3 Rb8 19. Na4 Qb4 20. Re4 1-0


[Site "https://www.chess.com"]

[Event "Titled Tuesday Blitz January 31 Early 2023"]
[White "Prieto Aranguren, Alain"]
[Black "Kleiman, Jake"]
[WhiteFideId "2268906"]
[BlackFideId "2020041"]
[WhiteElo "2258"]
[BlackElo "2399"]
[Result "0-1"]
[Round "07"]
[TimeControl "180+2"]
[Date "2023.01.31"]
[WhiteClock "0:00:02"]
[BlackClock "0:00:06"]

1. d4 d5 2. c4 c6 3. Nf3 Nf6 4. cxd5 Nxd5 5. e4 Nf6 6. Nc3 Bg4 7. Bc4 e6 8. O-O Be7 9. Bf4 O-O 10. Rc1 Nbd7 11. Qd2 Bb4 12. Ne5 Nxe4 13. Qe3 Nef6 14. Nxg4 Nxg4 15. Qg3 Ngf6 16. Be5 Nxe5 17. dxe5 Nd5 18. Ne4 Kh8 19. Rfd1 Be7 20. Rd3 Qb6 21. Bb3 a5 22. a4 Rad8 23. Qg4 Qb4 24. Rh3 f5 25. Qh5 h6 26. Qg6 Nf4 27. Rxh6+ gxh6 28. Qxh6+ Kg8 29. Ng5 Bxg5 30. Qxg5+ Kf7 31. Qxf5+ Ke8 32. Qc2 Rd2 33. Qh7 Qxb3 34. Qh6 Rd1+ 35. Rxd1 Qxd1# 0-1


[Site "https://www.chess.com"]

[Event "Titled Tuesday Blitz January 31 Early 2023"]
[White "Mushini Ajay"]
[Black "Manukian, Artak"]
[WhiteFideId "35066188"]
[BlackFideId "13301373"]
[WhiteElo "2310"]
[BlackElo "2196"]
[Result "1-0"]
[Round "07"]
[TimeControl "180+2"]
[Date "2023.01.31"]
[WhiteClock "0:00:51"]
[BlackClock "0:00:03"]

1. e4 c6 2. d4 d5 3. e5 Bf5 4. Nf3 e6 5. Be2 c5 6. O-O Nc6 7. Be3 Qb6 8. Nc3 Qxb2 9. Nb5 O-O-O 10. dxc5 Qxc2 11. Qe1 Nh6 12. Nfd4 Nxd4 13. Bxd4 Qa4 14. Qc3 Kb8 15. Nxa7 Qxa7 16. c6 b6 17. Rab1 Bxb1 18. Rxb1 Kc7 19. Bxb6+ Qxb6 20. Rxb6 Kxb6 21. Qb3+ Kxc6 22. Qb5+ Kc7 23. Qa5+ Kc6 24. Bb5+ Kc5 25. Be2+ Kd4 26. Qxd8 Kxe5 27. a4 Rg8 28. a5 g5 29. a6 Bc5 30. Qc7+ Bd6 31. Qc3+ d4 32. Qa5+ Kf6 33. a7 Ra8 34. Bf3 Rc8 35. g4 Be5 36. a8=Q Rxa8 37. Qxa8 Kg7 38. Qe4 Bf6 39. Kg2 Ng8 40. Qd3 Ne7 41. Be4 h6 42. Qb5 Ng6 43. Bxg6 Kxg6 44. Kf3 h5 45. h3 hxg4+ 46. hxg4 Kg7 47. Ke4 Kg6 48. Kd3 Kg7 49. Kc4 Kg6 50. Kc5 Kg7 51. Kc6 Kf8 52. Kd7 Kg7 53. Ke8 Kg6 54. Qd7 1-0


[Site "https://www.chess.com"]